 Dungeon Crawl Stone Soup version 0.30.1-11-g7821555f0a (webtiles) character file.

Game seed: 8905065499771167402

32 fireball365 the Trooper (level 3, -1/33 HPs)
             Began as a Hill Orc Fighter on Nov 18, 2023.
             Slain by Terence
             ... wielding a +0 mace
              (4 damage)
             ... on level 2 of the Dungeon.
             The game lasted 00:01:09 (1007 turns).

fireball365 the Trooper (Hill Orc Fighter)          Turns: 1007, Time: 00:01:10

Health: -1/33      AC:  7    Str: 20    XL:     3   Next: 25%
Magic:  3/3        EV:  9    Int:  8    God:
Gold:   5          SH:  4    Dex: 10    Spells: 2/2 levels left

rFire   . . .        a - +0 war axe
rCold   . . .        c - +0 buckler
rNeg    . . .        b - +0 scale mail
rPois   .            (no helmet)
rElec   .            (no cloak)
rCorr   .            (no gloves)
SInv    .            (no boots)
Will    .....        (no amulet) Stlth
                     (no ring)
HPRegen 0.25/turn    (no ring)
MPRegen 0.08/turn

%: no passive effects
@: no status effects
A: no striking features
a: no special abilities


You were on level 2 of the Dungeon.
You visited 1 branch of the dungeon, and saw 2 of its levels.

You collected 5 gold pieces.

Inventory:

Hand Weapons
 a - a +0 war axe (weapon)
Armour
 b - a +0 scale mail (worn)
 c - a +0 buckler (worn)
Jewellery
 h - a ring of wizardry
Scrolls
 e - a scroll of amnesia {unknown}
 g - a scroll of vulnerability {unknown}
 k - a scroll of noise {unknown}
 m - a scroll of identify {unknown}
 n - a scroll of teleportation {unknown}
Potions
 d - a potion of might
 f - a potion of ambrosia {unknown}
 i - a potion of curing {unknown}
 j - a potion of mutation {unknown}
 l - a potion of experience {unknown}


   Skills:
 + Level 4.0 Fighting
 + Level 3.2 Axes
 + Level 3.8 Armour
 + Level 3.6 Shields


You had 2 spell levels left.
You didn't know any spells.
Your spell library was empty.

Dungeon Overview and Level Annotations

Branches:
Dungeon (2/15)

Altars:

Annotations:
D:2 Terence


Message History

The kobold is moderately wounded.
You hit Terence but do no damage. You block Terence's attack.
The kobold barely misses you.
You closely miss the kobold.
The kobold is moderately wounded.
You closely miss Terence. Terence hits you with a +0 mace!
The kobold hits you but does no damage.
You slash the kobold!
You kill the kobold!
You hit Terence but do no damage. Terence hits you with a +0 mace.
Terence closely misses you.
Found 13 gold pieces.
You block Terence's attack.
You hit Terence.
Terence is lightly wounded.
Terence closely misses you.
You hit Terence but do no damage.
Terence is lightly wounded.
Terence hits you with a +0 mace.
You slash Terence!
Terence is heavily wounded.
Terence hits you with a +0 mace.
* * * LOW HITPOINT WARNING * * *
Terence hits you but does no damage.
You hit Terence but do no damage.
Terence is heavily wounded.
Terence hits you with a +0 mace.
* * * LOW HITPOINT WARNING * * *
You hit Terence but do no damage.
Terence is heavily wounded.
You block Terence's attack.
You barely miss Terence.
Terence is heavily wounded.
Terence hits you with a +0 mace.
* * * LOW HITPOINT WARNING * * *
You block Terence's attack.
You hit Terence but do no damage.
Terence is heavily wounded.
Terence says, "How do you enjoy it?" Terence hits you with a +0 mace.
You die...

## ## 8###
##8## ....
...... ...
......
#.##.....:
#..$....^.
#.........
#<.# #@.#
#@)# #....
##.#.#
......
..#...#
..#.#..$
#... ....


You could see Terence.

Vanquished Creatures
  A gnoll (D:1)
  A dart slug (D:2)
  3 bats (D:1)
  2 hobgoblins (D:1)
  4 quokkas (D:1)
  A ball python (D:1)
  2 frilled lizards (D:1)
  A goblin (D:1)
  3 kobolds
  3 rats (D:1)
21 creatures vanquished.

Notes
Turn   | Place    | Note
-------+----------+-------------------------------------------
     0 | D:1      | fireball365 the Hill Orc Fighter began the quest for the
                  | Orb.
     0 | D:1      | Reached XP level 1. HP: 19/19 MP: 1/1
   265 | D:1      | Reached XP level 2. HP: 27/27 MP: 2/2
   675 | D:1      | Reached XP level 3. HP: 28/33 MP: 3/3
   742 | D:1      | Reached skill level 4 in Fighting
   991 | D:2      | Noticed Terence
  1007 | D:2      | Slain by Terence

Illustrated notes

Levels and vault maps discovered:
D:1:      arrival_zaba_pyramid, layout_basic, chequers_serial_rivers_room_b
D:2:      minmay_kobold_bridge, layout_basic, serial_shops, shop,
          chequers_hall_statues_wall_a, uniq_terence

Skill      XL: |  1  2  3 |
---------------+----------+-----
Axes           | 3 |  3.2
Fighting       | 4 |  4.0
Armour         | |  3.8
Shields        | |  3.6

Action                     || total
---------------------------++-------
  Melee: War axe           ||    59
 Armour: Scale mail        ||    27
  Dodge: Dodged            ||    37
  Block: Buckler           ||    13
